 Dungeon Crawl Stone Soup version 0.22-a0-197-g4ac3794 (webtiles) character file.

308 sunny1234 the Cutter (level 6, -5/37 HPs)
             Began as a Kobold Skald on Feb 18, 2018.
             Killed from afar by an orc wizard (7 damage)
             ... with a magic dart
             ... on level 3 of the Dungeon.
             The game lasted 00:09:17 (3177 turns).

sunny1234 the Cutter (Kobold Skald)                 Turns: 3177, Time: 00:09:18

Health: -5/37      AC:  3    Str:  8 (11) XL:     6   Next: 68%
Magic:  9/9        EV: 16    Int: 12 (14) God:
Gold:   95         SH:  0    Dex: 13 (14) Spells: 4/9 levels left

rFire    . . .     SeeInvis .   a - +0 short sword
rCold    . . .     Gourm    .   (shield restricted)
rNeg     . . .     Faith    .   t - +0 animal skin
rPois    .         Spirit   .   p - +0 helmet
rElec    .         Reflect  .   (no cloak)
rCorr    .         Harm     .   (no gloves)
MR       .....                  (no boots)
Stlth    +.........             (no amulet)
HPRegen  0.12/turn              (no ring)
MPRegen  0.11/turn              (no ring)

@: confused
A: small, carnivore
a: no special abilities


You were on level 3 of the Dungeon.
You were very full.

You visited 1 branch of the dungeon, and saw 3 of its levels.

You collected 95 gold pieces.

Inventory:

Hand Weapons
 a - a +0 short sword (weapon)
 q - a +0 hunting sling of freezing
Missiles
 r - 68 stones (quivered)
Armour
 b - a +0 leather armour
 g - a +0 buckler
 p - a +0 helmet (worn)
 t - a +0 animal skin (worn)
Jewellery
 u - an uncursed ring of resist corrosion {unknown}
Scrolls
 f - 2 scrolls of remove curse {unknown}
 h - a scroll of blinking {unknown}
 j - 2 scrolls of identify {unknown}
 m - a scroll of fog {unknown}
 v - a scroll of amnesia {unknown}
Books
 c - a book of Battle

   Spells                             Type                      Level
   a - Infusion                       Charms                       1
   b - Shroud of Golubria             Charms/Translocation         2
   c - Song of Slaying                Charms                       2
   d - Spectral Weapon                Hexes/Charms                 3
   e - Regeneration                   Charms/Necromancy            3
Comestibles
 d - 7 rations
 n - 3 chunks of flesh


   Skills:
 + Level 3.4 Fighting
 + Level 4.5 Short Blades
 - Level 1.1 Armour
 + Level 4.0 Dodging
 + Level 3.7 Stealth
 - Level 2.3 Spellcasting
 + Level 3.2 Charms


You had 4 spell levels left.
You knew the following spells:

 Your Spells              Type           Power        Failure   Level  Hunger
a - Infusion              Chrm           #...         7%          1    ##.....
b - Shroud of Golubria    Chrm/Tloc      #.........   21%         2    ###....
c - Song of Slaying       Chrm           #.......     11%         2    ###....


Dungeon Overview and Level Annotations

Branches:
Dungeon (3/15)

Altars:


Innate Abilities, Weirdness & Mutations

You are small and have problems with some larger weapons.
You are carnivorous and can eat meat at any time.


Message History

Your +0 animal skin unmelds from your body.
Something hits you.
* * * LOW HITPOINT WARNING * * *
The orc completely misses you.
You're too confused to cast spells.
You're too confused!
You're too confused to attack without stumbling around!
You're too confused to attack without stumbling around!
You're too confused to attack without stumbling around!
You're too confused to attack without stumbling around!
You're too confused to attack without stumbling around!
You're too confused to attack without stumbling around!
You're too confused to attack without stumbling around!
You're too confused to attack without stumbling around!
You're too confused to attack without stumbling around!
You're too confused to attack without stumbling around!
You're too confused to attack without stumbling around!
A magic dart appears from out of thin air!
The magic dart hits you!
You die...

..####
###.....#.......).......
.## .....................
##
.######.#########....)....
.........#### #.........
............#####.........
........)##.........######
....................#
.........##########.....
.......o[@....... ......
.......{.######## #####
.........# .........#
.........# ##########


You could see an orc.

Vanquished Creatures
  Sigmund (D:3)
  Robin (D:2)
  A gnoll (D:1)
  4 adders
  An adder skeleton (D:3)
  2 worms
  5 orcs (D:3)
  5 giant cockroaches
  18 goblins
  7 hobgoblins
  10 jackals
  6 kobolds
  2 quokkas
  A ball python (D:2)
  7 bats
  2 frilled lizards
  5 rats
78 creatures vanquished.

Notes
Turn   | Place    | Note
-------+----------+-------------------------------------------
     0 | D:1      | sunny1234 the Kobold Skald began the quest for the Orb.
     0 | D:1      | Reached XP level 1. HP: 12/12 MP: 3/3
    87 | D:1      | Reached XP level 2. HP: 17/17 MP: 5/5
   287 | D:1      | Reached skill level 1 in Armour
   300 | D:1      | Reached skill level 1 in Stealth
   609 | D:1      | Reached XP level 3. HP: 22/22 MP: 6/6
   845 | D:1      | Learned a level 2 spell: Shroud of Golubria
   848 | D:1      | Learned a level 2 spell: Song of Slaying
  1236 | D:2      | Noticed Robin
  1420 | D:2      | Reached XP level 4. HP: 27/27 MP: 0/7
  1431 | D:2      | Killed Robin
  2076 | D:2      | Reached XP level 5. HP: 28/31 MP: 8/8
  2945 | D:3      | Noticed Sigmund
  2975 | D:3      | Killed Sigmund
  2975 | D:3      | Reached XP level 6. HP: 25/37 MP: 1/9
  3177 | D:3      | Killed from afar by an orc wizard

Vault maps used:
D:1:      lightli_arrival_lavapool
D:2:      mumra_celtic_spiral_tile, uniq_robin
D:3:      uniq_sigmund

Skill      XL: |  1  2  3  4  5  6 |
---------------+-------------------+-----
Short Blades   | 3 4 |  4.5
Armour         | 1 |  1.1
Stealth        | 1 2 3 |  3.7
Dodging        | 3 4 |  4.0
Charms         | 3 |  3.2
Fighting       | 3 |  3.4
Spellcasting   | |  2.3

Action                   |  1- 3 |  4- 6 || total
-------------------------+-------+-------++-------
Melee: Short sword       |   131 |   220 ||   351
 Cast: Infusion          |     3 |     5 ||     8
       Shroud of Golubri |     1 |     4 ||     5
       Song of Slaying   |     1 |     4 ||     5
  Use: Potion            |       |     6 ||     6
 Stab: Sleeping          |     1 |     3 ||     4
       Distracted        |       |     1 ||     1
  Eat: Chunk             |    10 |     6 ||    16
Armor: Leather armour    |    33 |    11 ||    44
       Animal skin       |       |    29 ||    29
       Skin              |       |    98 ||    98
Dodge: Dodged            |   100 |   201 ||   301

Table legend:
 A = Spawn XP
 B = Non-spawn XP
 C = Spawn XP percentage of total XP
 D = Spawn monster count
 E = Non-spawn monster count
 F = Spawn count percentage of total count
 G = Total turns spent on level
                    A         B        C        D         E        F      G
               +---------+---------+-------+---------+---------+-------+---------
         Total |       0 |     440 |   0.0 |       0 |      78 |   0.0 |  3177
               +---------+---------+-------+---------+---------+-------+---------
           D:1 |       0 |      64 |   0.0 |       0 |      30 |   0.0 |  1615
           D:2 |       0 |      84 |   0.0 |       0 |      27 |   0.0 |  1062
           D:3 |       0 |     292 |   0.0 |       0 |      21 |   0.0 |   500
               +---------+---------+-------+---------+---------+-------+---------
